 Dungeon Crawl Stone Soup version 0.21.0-24-g2553a3340b (webtiles) character file.

12978 Hat the Cleaver (level 11, -13/153 (154) HPs)
             Began as a Deep Dwarf Berserker on Jan 19, 2018.
             Was a High Priest of Trog.
             Mangled by a two-headed ogre
             ... wielding a +0 giant spiked club
              (14 damage)
             ... on level 11 of the Dungeon on Jan 20, 2018.
             The game lasted 01:43:27 (9580 turns).

Hat the Cleaver (Deep Dwarf Berserker)              Turns: 9580, Time: 01:43:27

HP:   -13/153 (154) AC: 20    Str: 29    XL:     11   Next: 69%
MP:   0/0           EV: 11    Int:  8    God:    Trog [*****.]
Gold: 460           SH:  4    Dex: 14    Spells: 10/10 levels left

rFire    . . .     SeeInvis .   o - +0 battleaxe
rCold    . . .     Gourm    .   (shield currently unavailable)
rNeg     + . .     Faith    .   l - +1 plate armour {rN+}
rPois    .         Spirit   .   p - +0 helmet
rElec    .         Reflect  +   h - +0 cloak
rCorr    .         Harm     .   L - +0 pair of gloves
MR       +....                  g - +0 pair of boots
Stlth    ..........             r - +4 amulet of reflection
HPRegen  0.00/turn              t - +2 ring of dexterity
MPRegen  0.07/turn              K - ring of stealth

@: berserking, non-regenerating, very quick
A: damage resistance, heal wounds, sense surroundings 2, no regeneration
a: Heal Wounds, Berserk, Trog's Hand, Brothers in Arms, Burn Spellbooks,
Renounce Religion


You were on level 11 of the Dungeon.
You worshipped Trog.
Trog was extremely pleased with you.
You were hungry.

You visited 3 branches of the dungeon, and saw 13 of its levels.

You collected 460 gold pieces.

Inventory:

Hand Weapons
 a - a +1 hand axe
 f - a +3 quarterstaff of chaos
 o - a +0 battleaxe (weapon)
Armour
 e - a +1 large shield
 g - a +0 pair of boots (worn)
 h - a +0 cloak (worn)
 l - a +1 plate armour of positive energy (worn)
 p - a +0 helmet (worn)
 L - a +0 pair of gloves (worn)
 N - a +2 ring mail of magic resistance
Jewellery
 b - an uncursed ring of fire
 q - an uncursed ring of teleportation
 r - a +4 amulet of reflection (around neck)
 t - a +2 ring of dexterity (left hand)
 z - an uncursed amulet of rage
 H - an uncursed ring of poison resistance
 I - an uncursed ring of protection from fire
 K - a ring of stealth (right hand)
Wands
 m - a wand of random effects (27)
 y - a wand of flame (31)
 D - a wand of enslavement (2)
Scrolls
 d - 2 scrolls of identify
 i - 5 scrolls of remove curse
 j - 4 scrolls of teleportation
 s - a scroll of magic mapping
 u - 2 scrolls of noise
 x - 2 scrolls of fear
 B - a scroll of enchant weapon
 F - 4 scrolls of amnesia
 J - a scroll of vulnerability
 M - a scroll of immolation
 O - a scroll of blinking
Potions
 k - 2 potions of degeneration
 n - 3 potions of berserk rage
 v - 2 potions of brilliance
 w - 3 potions of flight
 C - 2 potions of ambrosia
 E - a potion of heal wounds
 G - 2 potions of lignification
Comestibles
 c - 11 rations
 Q - 3 chunks of flesh


   Skills:
 + Level 8.0 Fighting
 + Level 14.1 Axes
 + Level 8.8 Armour
 + Level 6.1 Dodging
 + Level 6.2 Shields


You had 10 spell levels left.
You didn't know any spells.

Dungeon Overview and Level Annotations

Branches:
Dungeon (11/15)            Temple (1/1) D:4            Lair (1/6) D:8
    Orc: D:9-12

Altars:
Ashenzari
Cheibriados
Dithmenos
Elyvilon
Fedhas
Gozag
Hepliaklqana
Kikubaaqudgha
Makhleb
Nemelex Xobeh
Okawaru
Qazlal
Ru
Sif Muna
Trog
Uskayaw
Vehumet
Wu Jian
Xom
Yredelemnul
Zin
The Shining One

Shops:
D:10 %

Annotations:
D:6 Prince Ribbit
Lair:1 Sonja


Innate Abilities, Weirdness & Mutations

You are resistant to damage.
You can heal yourself by infusing magical energy.
You passively map the area around you.
You do not regenerate.


Message History

Trog accepts your kill.
The two-headed ogre shouts in stereo!
There is an open door, spattered with blood here.
Items here: )))) [[ †††††
There is an open door, spattered with blood here.
Items here: )))) [[ †††††
There is an open door here.
Okay, then.
A red film seems to cover your vision as you go berserk!
You feel yourself moving faster!
You feel mighty!
You are feeling hungry.
The two-headed ogre hits you with a giant spiked club!!
* * * LOW HITPOINT WARNING * * *
The two-headed ogre closely misses you.
You barely miss the two-headed ogre. You slice the two-headed ogre!!
The two-headed ogre is moderately wounded.
The two-headed ogre completely misses you.
The two-headed ogre hits you with a giant spiked club!
You die...

...............)(..))).((.......>
#########.#[[..)#.####.###..####.
#.)..........).# ##.# #(
###.....#.#########.####.
#.........# #...........
#.........# #.#####.###.
#.........# #<)... #.........###
##..##. #......O@...# *#......
###'######### , *###.##. #.#
#...###, #...... #O####....?# ,
#...... #...O[.....# ###.##.
######....## * #....) #...##
#...#. #O..#, , ....#... #...#
,... #...


You could see a two-headed ogre.

Vanquished Creatures
  3 two-headed ogres
  A cyclops (D:11)
  A manticore (D:11)
  Joseph (D:7)
  A centaur skeleton (D:10)
  2 trolls
  A hornet (D:10)
  Grinder (D:6)
  A wyvern (D:10)
  The ghost of moonpresence the Chopper, an amateur HOMo (D:4)
  7 yaks
  2 hungry ghosts
  A steam dragon (D:9)
  A water moccasin (D:7)
  6 orc warriors
  2 black bears
  An eye of draining (D:10)
  2 ice beasts
  3 necrophages
  3 sky beasts
  2 ogres
  A phantom (D:8)
  5 centaurs
  2 crocodiles (D:8)
  A gnoll sergeant (D:7)
  12 bullfrogs
  4 scorpions
  13 killer bees
  2 vampire bats (D:7)
  10 wights
  3 howler monkeys
  4 crimson imps
  3 bullfrog zombies
  3 centaur zombies
  A quasit (D:10)
  7 hounds
  5 orc priests
  15 orc wizards
  Crazy Yiuf (D:2)
  2 jellies
  An iguana (D:6)
  10 worker ants
  A hound skeleton (D:10)
  The ghost of comborobin the Grasshopper, a weakling SpWr (D:5)
  3 worker ant zombies
  Robin (D:4)
  9 gnolls
  10 adders
  3 shadow imps
  2 oozes (D:3)
  An adder zombie (D:6)
  An adder skeleton (D:6)
  4 worms
  2 dart slugs
  2 leopard geckos
  44 orcs
  A ball python (D:6)
  2 bat skeletons (D:7)
  4 bat zombies (D:7)
  9 giant cockroaches
  13 goblins
  15 hobgoblins
  2 jackals (D:5)
  9 kobolds
  4 quokkas
  7 bats
  4 frilled lizards
  A giant cockroach zombie (D:6)
  A leopard gecko skeleton (D:4)
  9 rats
  A bush (D:2)
  3 fungi (D:8)
317 creatures vanquished.

Vanquished Creatures (others)
  A centaur (D:8)
  A jelly (D:7)
  An orc wizard (D:7)
  An orc (D:7)
  A goblin (D:4)
  A quokka (D:8)
  A fungus (D:8)
  A plant (D:8)
8 creatures vanquished.

Grand Total: 325 creatures vanquished

Notes
Turn   | Place    | Note
-------+----------+-------------------------------------------
     0 | D:1      | Hat the Deep Dwarf Berserker began the quest for the Orb.
     0 | D:1      | Reached XP level 1. HP: 20/20 MP: 1/1
   145 | D:1      | Reached XP level 2. HP: 27/27 MP: 2/2
   339 | D:1      | Reached ** piety under Trog
   437 | D:1      | Reached skill level 4 in Axes
   644 | D:2      | Reached XP level 3. HP: 26/34 MP: 3/3
  1034 | D:2      | Found a runed door.
  1469 | D:2      | Found an opulent altar of Gozag.
  1469 | D:2      | Found a glowing silver altar of Zin.
  1575 | D:2      | Reached XP level 4. HP: 37/42 MP: 4/4
  1608 | D:2      | Noticed Crazy Yiuf
  1623 | D:2      | Killed Crazy Yiuf
  2037 | D:3      | Reached skill level 5 in Axes
  2284 | D:3      | Reached skill level 1 in Shields
  2305 | D:3      | Reached XP level 5. HP: 42/49 MP: 3/3
  2384 | D:3      | Reached *** piety under Trog
  2433 | D:3      | Found an iron altar of Okawaru.
  2716 | D:4      | Found a shadowy altar of Dithmenos.
  2804 | D:4      | Noticed moonpresence's ghost (amateur HOMo)
  2856 | D:4      | Killed moonpresence's ghost
  2856 | D:4      | Reached XP level 6. HP: 15/57 MP: 4/4
  3085 | D:4      | Found a basalt altar of Yredelemnul.
  3102 | D:4      | Noticed Robin
  3130 | D:4      | Killed Robin
  3154 | D:4      | Found a bloodstained altar of Trog.
  3166 | D:4      | Found a stormy altar of Qazlal.
  3169 | D:4      | Found a radiant altar of Vehumet.
  3312 | D:4      | Found a staircase to the Ecumenical Temple.
  3318 | Temple   | Entered the Ecumenical Temple
  3893 | D:5      | Entered Level 5 of the Dungeon
  3944 | D:5      | Reached skill level 6 in Axes
  4027 | D:5      | Reached XP level 7. HP: 43/63 MP: 5/5
  4154 | D:5      | Noticed comborobin's ghost (weakling SpWr)
  4173 | D:5      | Killed comborobin's ghost
  4341 | D:5      | Reached **** piety under Trog
  5028 | D:6      | Reached skill level 7 in Axes
  5028 | D:6      | Reached XP level 8. HP: 54/72 MP: 5/5
  5106 | D:6      | Noticed Grinder
  5118 | D:6      | Killed Grinder
  5118 | D:6      | Reached skill level 5 in Armour
  5182 | D:6      | Reached skill level 5 in Fighting
  5182 | D:6      | Reached skill level 8 in Axes
  5455 | D:6      | Noticed Prince Ribbit
  5587 | D:7      | Gained mutation: You passively map the area around you. [Deep Dwarf growth]
  5587 | D:7      | Reached XP level 9. HP: 77/81 MP: 5/5
  5587 | D:7      | Reached ***** piety under Trog
  5618 | D:7      | Found a stormy altar of Qazlal.
  5618 | D:7      | Noticed Joseph
  5633 | D:7      | Reached skill level 9 in Axes
  5652 | D:7      | Killed Joseph
  5664 | D:7      | Reached skill level 5 in Dodging
  5859 | D:7      | Found an ancient bone altar of Kikubaaqudgha.
  5922 | D:7      | Noticed a dagger
  5923 | D:7      | Noticed a hand axe
  5924 | D:7      | Found a hide-covered altar of Uskayaw.
  5970 | D:7      | Reached skill level 10 in Axes
  6094 | D:7      | Reached skill level 5 in Shields
  6116 | D:7      | Found an ornate altar of the Wu Jian Council.
  6257 | D:8      | Reached XP level 10. HP: 68/92 MP: 1/1
  6261 | D:8      | Received a gift from Trog
  6357 | D:8      | Reached skill level 11 in Axes
  6567 | D:8      | Found a staircase to the Lair.
  6586 | Lair:1   | Entered Level 1 of the Lair of Beasts
  6590 | Lair:1   | Noticed Sonja
  6693 | D:8      | Found a white marble altar of Elyvilon.
  7173 | D:9      | Reached skill level 12 in Axes
  7363 | D:9      | Noticed a two-headed ogre
  7373 | D:9      | Killed a two-headed ogre
  7478 | D:10     | Entered Level 10 of the Dungeon
  7670 | D:10     | Found Aqiowkan's Food Shoppe.
  7881 | D:10     | Reached skill level 13 in Axes
  7881 | D:10     | Reached XP level 11. HP: 65/100 MP: 2/2
  8486 | D:11     | Noticed a two-headed ogre
  8712 | D:11     | Killed a two-headed ogre
  8714 | D:11     | Paralysed by a hornet for 3 turns
  9531 | D:11     | Noticed a two-headed ogre
  9531 | D:11     | Noticed a two-headed ogre
  9554 | D:11     | Killed a two-headed ogre
  9554 | D:11     | Reached skill level 14 in Axes
  9578 | D:11     | HP: 1/153 [two-headed ogre/giant spiked club (21)]
  9580 | D:11     | Mangled by a two-headed ogre

Skill      XL: |  1  2  3  4  5  6  7  8  9 10 11 |
---------------+----------------------------------+-----
Fighting       | 3 4 5 6 7 8 |  8.0
Axes           | 4 5 6 7 8 10 13 14 | 14.1
Shields        | 1 2 3 4 5 6 |  6.2
Armour         | 3 4 5 6 7 8 |  8.8
Dodging        | 3 4 5 6 |  6.1

Action                   |  1- 3 |  4- 6 |  7- 9 | 10-12 || total
-------------------------+-------+-------+-------+-------++-------
Melee: Hand axe          |    96 |   433 |    96 |       ||   625
       Battleaxe         |       |       |   267 |   461 ||   728
Invok: Burn Spellbooks   |     1 |       |       |     1 ||     2
       Trog's Hand       |       |       |       |    15 ||    15
       Berserk           |       |       |       |     2 ||     2
 Abil: Heal Wounds       |       |     6 |    23 |     9 ||    38
  Use: Scroll            |     7 |     3 |     7 |     9 ||    26
       Potion            |     3 |       |     8 |     3 ||    14
  Eat: Chunk             |     2 |     9 |     8 |    16 ||    35
       Ration            |       |       |       |     2 ||     2
Armor: Animal skin       |    20 |     9 |       |       ||    29
       Ring mail         |       |    64 |    77 |   143 ||   284
       Plate armour      |       |       |   304 |   140 ||   444
Dodge: Dodged            |    72 |    75 |   360 |   327 ||   834
Block: Large shield      |    12 |   199 |    77 |       ||   288
       Other             |       |       |    76 |   101 ||   177
       Reflection        |       |       |     2 |     5 ||     7
